 Dungeon Crawl Stone Soup version 0.28-a0-410-gbef64dd269 (webtiles) character file.

Game seed: 6188767148617540155

112 heikuro the Skirmisher (level 5, -3/42 HPs)
             Began as a Formicid Abyssal Knight on Sept 6, 2021.
             Was a Believer of Lugonu.
             Killed from afar by an orc wizard (7 damage)
             ... with a puff of flame
             ... on level 3 of the Dungeon.
             The game lasted 00:06:03 (3307 turns).

heikuro the Skirmisher (Formicid Abyssal Knight)    Turns: 3307, Time: 00:06:04

Health: -3/42      AC:  5    Str: 17    XL:     5   Next: 16%
Magic:  6/7        EV: 10    Int: 12    God:    Lugonu [**....]
Gold:   117        SH:  0    Dex: 10    Spells: 4/4 levels left

rFire   . . .      SeeInvis +   a - +0 dagger (venom)
rCold   . . .      Faith    .   (no shield)
rNeg    . . .      Spirit   .   h - +0 ring mail
rPois   .          Reflect  .   (helmet unavailable)
rElec   .          Harm     .   (no cloak)
rCorr   +          Rampage  .   (no gloves)
Will    .....                   (no boots)
Stlth   ..........              (no amulet)
HPRegen 0.14/turn               i - ring of resist corrosion
MPRegen 0.10/turn               (no ring)

@: no status effects
A: permanent stasis, dig shafts and tunnels, antennae 3, four strong arms
a: Dig, Shaft Self, Renounce Religion, Depart the Abyss, Bend Space


You were on level 3 of the Dungeon.
You worshipped Lugonu.
Lugonu was pleased with you.
You visited 1 branch of the dungeon, and saw 4 of its levels.
You visited the Abyss 1 time.

You collected 117 gold pieces.

Inventory:

Hand Weapons
 a - a +0 dagger of venom (weapon)
 b - a +0 hunting sling
 f - a +1 falchion
Missiles
 g - 4 sling bullets
Armour
 h - a +0 ring mail (worn)
Jewellery
 i - a ring of resist corrosion (left hand)
Scrolls
 c - a scroll of magic mapping
 d - a scroll of identify {unknown}
 j - a scroll of noise {unknown}
 k - a scroll of immolation {unknown}
Potions
 e - a potion of lignification {unknown}
 l - a potion of cancellation {unknown}


   Skills:
 + Level 3.8 Fighting
 * Level 3.3 Long Blades
 + Level 1.3 Slings
 + Level 2.9 Armour
 - Level 1.0 Dodging
 + Level 3.2 Invocations


You had 4 spell levels left.
You didn't know any spells.
Your spell library contained the following spells:

 Spells                   Type           Power      Damage    Failure   Level
 Animate Skeleton         Necr           0%         N/A       52%         1
 Apportation              Tloc           0%         N/A       52%         1
 Summon Small Mammal      Summ           0%         N/A       52%         1
 Ensorcelled Hibernation  Hex/Ice        0%         N/A       65%         2
 Spider Form              Tmut/Pois      0%         N/A       87%         3


Dungeon Overview and Level Annotations

Branches:
Dungeon (4/15)
 Temple: D:4-7

Altars:

Shops:
D:1 *


Innate Abilities, Weirdness & Mutations

You cannot be hasted, slowed, berserked, paralysed or teleported.
You can dig through walls and to a lower floor.
You have a pair of large antennae on your head. (SInv)
Your four strong arms can wield two-handed weapons with a shield.


Message History

You're too confused to attack without stumbling around!
You bump into the rock wall.
The orc wizard barely misses you. The shadow imp barely misses you.
You bump into the rock wall.
The orc wizard hits you but does no damage.
The shadow imp hits you.
You hit the shadow imp.
The shadow imp is lightly wounded.
The orc wizard gestures at you while chanting.
The magic dart hits you! The shadow imp barely misses you.
The orc wizard hits you with a +0 dagger.
You barely miss the shadow imp.
The shadow imp is lightly wounded.
The orc wizard hits you but does no damage.
The shadow imp hits you.
You bump into the rock wall.
The orc wizard hits you but does no damage.
The shadow imp shouts, "Give up, thou clouted bat-fowling vulture!"
The shadow imp barely misses you.
You feel less confused.
The orc wizard hits you but does no damage.
You hit the orc wizard but do no damage.
The orc wizard looks even sicker.
The orc wizard is moderately wounded.
The orc wizard casts a spell at you. The puff of flame hits you.
The shadow imp misses you.
You barely miss the orc wizard.
The orc wizard is heavily wounded.
The orc wizard casts a spell at you. The magic dart hits you!
* * * LOW HITPOINT WARNING * * *
The shadow imp disappears for a moment.
The shadow imp hits you.
* * * LOW HITPOINT WARNING * * *
Space bends around you!
You blink.
The orc wizard casts a spell at you. You resist with some effort.
The orc wizard points at you and mumbles some strange words.
The puff of flame hits you!
You die...

.....)................>......#.#
######.#............5o......##.##
#### #.##########...........##...
...###.# #...........#####
.......##### #...........#
...........# #...........##
...........# #............####
...........######............##..
.#..............@............##.#
.#...........................##.#
.#............................#.#
.#............................#.#
##..........................#.#.#
...########........##########...#
#### #........# ######..# #
###........# #........ #######
#.....†....# #........


You could see an orc wizard (very poisoned) and a shadow imp.

Vanquished Creatures
  4 adders
  A dart slug (D:2)
  10 orcs (D:3)
  3 endoplasms
  A giant cockroach (D:1)
  7 goblins (D:1)
  5 hobgoblins
  2 jackals (D:1)
  A quokka (D:3)
  5 ball pythons
  6 bats
  4 frilled lizards
  9 kobolds
  5 rats
63 creatures vanquished.

Vanquished Creatures (others)
  14 plants (D:1)
14 creatures vanquished.

Grand Total: 77 creatures vanquished

Notes
Turn   | Place    | Note
-------+----------+-------------------------------------------
     0 | Abyss:1  | heikuro the Formicid Abyssal Knight began the quest for the
                  | Orb.
     0 | Abyss:1  | Reached XP level 1. HP: 18/18 MP: 2/2
    38 | Abyss:1  | Noticed a raiju
    39 | D:1      | Escaped the Abyss
   292 | D:1      | Found Fylen's General Store.
   306 | D:1      | Reached skill level 1 in Dodging
   399 | D:1      | Reached XP level 2. HP: 6/24 MP: 3/3
  1092 | D:1      | Reached * piety under Lugonu
  1284 | D:1      | Reached XP level 3. HP: 26/29 MP: 4/4
  2102 | D:2      | Reached XP level 4. HP: 36/36 MP: 6/6
  2190 | D:2      | Reached skill level 1 in Slings
  2407 | D:3      | Found a faded altar of an unknown god.
  2677 | D:3      | Reached ** piety under Lugonu
  3095 | D:3      | Reached XP level 5. HP: 29/42 MP: 7/7
  3307 | D:3      | Killed from afar by an orc wizard

Illustrated notes

Levels and vault maps discovered:
D:1:      saegor_arrival_miasma, layout_loops_ring, serial_bayou,
          serial_bayou_lagoon_a, serial_bayou_crossing, serial_bayou_shore_a,
          serial_bayou_pond_b, serial_shops, shop
D:2:      layout_rooms
D:3:      layout_basic, ebering_ecumenical_altar_sacrificial
D:4:      layout_rooms, serial_bayou_lake_a, uniq_robin

Skill      XL: |  1  2  3  4 |
---------------+-------------+-----
Dodging        | 1 |  1.0
Slings         | 1 |  1.3
Invocations    | 3 |  3.2
Long Blades    | 3 |  3.3
Fighting       | |  3.8
Armour         | |  2.9

Action                   |  1- 3 |  4- 6 || total
-------------------------+-------+-------++-------
Melee: Dagger            |    77 |    71 ||   148
       Falchion          |     6 |       ||     6
 Fire: Hunting sling     |    30 |    31 ||    61
Invok: Depart the Abyss  |     1 |       ||     1
       Bend Space        |       |     2 ||     2
 Abil: Dig               |     1 |       ||     1
  Use: Scroll            |       |     1 ||     1
Armor: Leather armour    |    10 |       ||    10
       Ring mail         |    14 |    36 ||    50
Dodge: Dodged            |    42 |    46 ||    88

Table legend: (Time is in decaauts)
 A = Elapsed time spent in this place.
 B = Non-inter-level travel time spent in this place.
 C = Inter-level travel time spent in this place.
 D = Time resting spent in this place.
 E = Time spent auto-exploring this place.
 F = Levels seen in this place.
 G = Mean time per level.
                   A        B        C        D        E       F      G
               +--------+--------+--------+--------+--------+-----+--------+
         Total |   3353 |   3216 |    137 |   1015 |   1529 |   5 |  670.6 |
       Dungeon |   3314 |   3177 |    137 |   1015 |   1493 |   4 |  828.5 |
         Abyss |     39 |     39 |      0 |      0 |     36 |   1 |   39.0 |
               +--------+--------+--------+--------+--------+-----+--------+

Top non-repeatable levels by time:
     D:1: 1791 daAuts
     D:3: 897 daAuts
     D:2: 613 daAuts
 Abyss:1: 39 daAuts
     D:4: 11 daAuts
